 Dungeon Crawl Stone Soup version 0.26-a0-651-gb41185065b (webtiles) character file.

Game seed: 12771901565274246788

23 Finra the Magician (level 2, -1/15 HPs)
             Began as a Deep Elf Hedge Wizard on Oct 2, 2020.
             Slain by a hobgoblin
             ... wielding a +0 club
              (3 damage)
             ... on level 1 of the Dungeon.
             The game lasted 00:03:42 (965 turns).

Finra the Magician (Deep Elf Hedge Wizard)           Turns: 965, Time: 00:03:43

Health: -1/15      AC:  2    Str:  7    XL:     2   Next: 75%
Magic:  1/10       EV: 13    Int: 18    God:
Gold:   13         SH:  0    Dex: 14    Spells: 10/11 levels left

rFire    . . .     SeeInvis .   g - -3 dagger (curse)
rCold    . . .     Faith    .   (no shield)
rNeg     . . .     Spirit   .   b - +0 robe
rPois    .         Reflect  .   c - +0 hat
rElec    .         Harm     .   (no cloak)
rCorr    .         Rampage  .   (no gloves)
MR       .....                  (no boots)
Stlth    ++........             (no amulet)
HPRegen  0.05/turn              (no ring)
MPRegen  0.12/turn              (no ring)

@: no status effects
A: no striking features
a: no special abilities


You were on level 1 of the Dungeon.
You visited 1 branch of the dungeon, and saw 1 of its levels.

You collected 13 gold pieces.

Inventory:

Hand Weapons
 a - a +0 dagger
 g - a cursed -3 dagger (weapon)
 h - a +0 dagger of flaming
Missiles
 d - 6 boomerangs (quivered)
Armour
 b - a +0 robe (worn)
 c - a +0 hat (worn)
Scrolls
 f - a scroll of identify {unknown}
Potions
 e - a potion of lignification {unknown}
 i - a potion of brilliance {unknown}


   Skills:
 + Level 0.1 Fighting
 * Level 0.4 Short Blades
 - Level 2.4 Dodging
 + Level 2.9 Stealth
 * Level 5.3 Spellcasting
 - Level 1.1 Conjurations
   Level 1.1 Summonings
   Level 1.1 Translocations


You had 10 spell levels left.
You knew the following spells:

 Your Spells              Type           Power        Failure   Level
a - Magic Dart            Conj           #...         9%          1

Your spell library contained the following spells:

 Spells                   Type           Power        Failure   Level
 Blink                    Tloc           N/A          12%         2
 Call Imp                 Summ           #.......     12%         2
 Slow                     Hex            #.......     21%         2
 Conjure Flame            Conj/Fire      #.......     30%         3
 Mephitic Cloud           Conj/Pois/Air  #.......     32%         3


Dungeon Overview and Level Annotations

Branches:
Dungeon (1/15)

Altars:


Message History

Press: ? - help, Shift-Dir - straight line, f/p - jackal
Aim: a jackal (lightly wounded)
The magic dart hits the jackal.
The jackal is moderately wounded.
The jackal closely misses you.
Casting: Magic Dart (safe; 9% risk of failure)
Confirm with . or Enter, or press ? or * to list all spells.
You don't have enough magic to cast that spell.
Unknown command.
The jackal closely misses you.
A hobgoblin comes into view. It is wielding a +0 club.
The hobgoblin shouts!
The jackal closely misses you. The jackal closely misses you. x2
The goblin closely misses you. The jackal bites you.
* * * LOW HITPOINT WARNING * * *
The jackal misses you. The hobgoblin hits you with a +0 club.
You die...

#.....)....# #
#.##########.#
#####.######## #.#
.............. ...
......#..##### #.#
......#..# #.#.#
......#..# #.#.########
......#..# #.#.........
......#..# #..@..#
......#..# #..gh.#
.........# #...g.#
#.#.####.# #.....# #.#.#
#)#####.....###### #####
#.#.# #....†............
..... ..#.#
##.####...................
..#.# #.#
#................... ..#.#
#h## #...................


You could see a jackal, a hobgoblin and a goblin.

Vanquished Creatures
  7 goblins (D:1)
  A hobgoblin (D:1)
  2 jackals (D:1)
  3 bats (D:1)
  A frilled lizard (D:1)
  4 kobolds (D:1)
  A rat (D:1)
19 creatures vanquished.

Notes
Turn   | Place    | Note
-------+----------+-------------------------------------------
     0 | D:1      | Finra the Deep Elf Hedge Wizard began the quest for the
                  | Orb.
     0 | D:1      | Reached XP level 1. HP: 10/10 MP: 7/7
   208 | D:1      | Reached XP level 2. HP: 13/15 MP: 4/9
   637 | D:1      | Reached skill level 5 in Spellcasting
   965 | D:1      | Slain by a hobgoblin

Illustrated notes

Levels and vault maps discovered:
D:1:      dpeg_arrival_solitude, layout_basic

Skill      XL: |  1  2 |
---------------+-------+-----
Spellcasting   | 5 |  5.3
Fighting       | |  0.1
Short Blades   | |  0.4
Dodging        | |  2.4
Stealth        | |  2.9
Conjurations   | |  1.1
Summonings     | |  1.1
Translocations | |  1.1

Action                   || total
-------------------------++-------
Melee: Dagger            ||    39
 Cast: Magic Dart        ||    30
 Stab: Sleeping          ||     1
Armor: Robe              ||    11
Dodge: Dodged            ||    65

Table legend: (Time is in decaauts)
 A = Elapsed time spent in this place.
 B = Non-inter-level travel time spent in this place.
 C = Inter-level travel time spent in this place.
 D = Time resting spent in this place.
 E = Time spent auto-exploring this place.
 F = Levels seen in this place.
 G = Mean time per level.
                   A        B        C        D        E       F      G
               +--------+--------+--------+--------+--------+-----+--------+
         Total |    963 |    963 |      0 |    347 |    419 |   1 |  963.0 |
       Dungeon |    963 |    963 |      0 |    347 |    419 |   1 |  963.0 |
               +--------+--------+--------+--------+--------+-----+--------+

Top non-repeatable levels by time:
     D:1: 963 daAuts
